 Dungeon Crawl Stone Soup version 0.28-a0-1312-g71652a0310 (webtiles) character file.

Game seed: 6105799749463875227

2430 bearlyready the Thaumaturge (level 9, -2/61 HPs)
             Began as a Djinni Fire Elementalist on Dec 27, 2021.
             Was a Believer of Ashenzari.
             Slain by a cyclops (27 damage)
             ... on level 6 of the Dungeon.
             The game lasted 00:22:05 (10535 turns).

bearlyready the Thaumaturge (DjFE)                 Turns: 10535, Time: 00:22:05

Health: -2/61      AC:  3    Str: 13    XL:     9   Next: 77%
Gold:   278        EV: 15    Int: 23    God:    Ashenzari [**....] SH:  0 Dex: 15

rFire   + . .      SeeInvis +   L - +7 short sword of Ashenzari's Lethargy {vamp, Int+3, Fort, Melee} (curse)
rCold   . . .      Faith    .   (no shield)
rNeg    + . .      Spirit   .   x - +0 robe of Star-Bound Wisdom {rN+, Melee, Fort} (curse)
rPois   ∞          Reflect  .   (no helmet)
rElec   .          Harm     .   (no cloak)
rCorr   .          Rampage  .   g - +0 pair of gloves "Sybil of Ashenzari" {Cun, Self} (curse)
Will    .....                   (boots unavailable)
Stlth   ++........              (no amulet)
HPRegen 0.20/turn               o - +6 ring of strength
MPRegen 0.00/turn               b - ring of ice

@: flying
A: sickness immunity, fire resistance 2, cold vulnerability 1, float, innate
caster, hp casting, extra vitality 1
a: Renounce Religion, Shatter the Chains


You were on level 6 of the Dungeon.
You worshipped Ashenzari.
Ashenzari was pleased with you.
You visited 2 branches of the dungeon, and saw 8 of its levels.
You also visited: Ossuary.

You collected 278 gold pieces.

Inventory:

Hand Weapons
 h - a +0 dagger
 m - a +2 antimagic mace
 q - a +0 hunting sling
 t - a +0 dagger of speed
 w - a +0 spear
 L - the cursed +7 short sword of Ashenzari's Lethargy (weapon) {vamp, Int+3, Fort, Melee}
   (You found it on level 6 of the Dungeon)

   It occasionally heals its wielder for a portion of the damage dealt when it
   wounds a living foe.
   Int:       It affects your intelligence (+3).
   It has a curse which improves the following skills: Fortitude: Armour and
   Shields.
   Melee Combat: Short Blades, Long Blades, Axes, Maces & Flails, Polearms,
   Staves and Unarmed Combat.
Missiles
 d - 183 stones
 k - 54 sling bullets
 l - 19 poisoned darts
 n - 93 bolts
 M - 6 boomerangs
 P - 2 curare-tipped darts
Armour
 a - a +0 robe
 g - the cursed +0 pair of gloves "Sybil of Ashenzari" (worn) {Cun, Self}
   (You found it on level 1 of the Dungeon)

   It has a curse which improves the following skills: Cunning: Dodging and
   Stealth.
   Introspection: Fighting and Spellcasting.
 x - the cursed +0 robe of Star-Bound Wisdom (worn) {rN+, Melee, Fort}
   (You found it on level 5 of the Dungeon)

   It has a curse which improves the following skills: Melee Combat: Short
   Blades, Long Blades, Axes, Maces & Flails, Polearms, Staves and Unarmed
   Combat.
   Fortitude: Armour and Shields.
 J - the +1 ring mail "Ubonted" {Str+2}
   (You found it on level 6 of the Dungeon)

   Str:       It affects your strength (+2).
 K - a +1 pair of gloves
Jewellery
 b - a ring of ice (right hand)
 o - a +6 ring of strength (left hand)
 v - a +6 ring of strength
Wands
 C - a wand of acid (11)
 E - a wand of polymorph (4)
 H - a wand of flame (18)
 I - a wand of mindburst (12)
Scrolls
 u - 6 scrolls of identify
 y - a scroll of holy word
 z - 2 scrolls of enchant armour
 A - 2 scrolls of noise
 D - a scroll of summoning
 F - a scroll of fear
 N - a scroll of magic mapping
 O - a scroll of brand weapon
Potions
 c - 3 potions of heal wounds
 e - 2 potions of flight
 f - a potion of might
 i - 2 potions of haste
 j - a potion of lignification
 p - 4 potions of curing
 s - 2 potions of brilliance
 B - 2 potions of degeneration
 G - a potion of berserk rage


   Skills:
 + Level 2.2(3.4) Fighting
 + Level 1.5(3.1) Short Blades
 + Level 5.0(6.4) Dodging
 - Level 1.5(2.6) Stealth
 + Level 9.1(10.5) Spellcasting


You had 7 spell levels left.
You knew the following spells:

 Your Spells              Type           Power      Damage    Failure   Level
a - Foxfire               Conj/Fire      100%       2x1d9     1%          1
b - Scorch                Fire           100%       2d10      1%          2
c - Conjure Flame         Conj/Fire      57%        6-21      1%          3
d - Inner Flame           Hex/Fire       57%        N/A       1%          3
e - Flame Wave            Conj/Fire      57%        2d9       1%          4
f - Beastly Appendage     Tmut           100%       N/A       1%          1
g - Blink                 Tloc           100%       N/A       1%          2
h - Gell's Gravitas       Tloc           57%        N/A       1%          3
i - Vampiric Draining     Necr           57%        2d10      1%          3
Your spell library was empty.

Dungeon Overview and Level Annotations

Branches:
Dungeon (7/15)             Temple (1/1) D:4         Ossuary (visited)

Altars:
Ashenzari
Cheibriados
Dithmenos
Elyvilon
Fedhas
Gozag
Hepliaklqana
Kikubaaqudgha
Makhleb
Nemelex Xobeh
Qazlal
Ru
Sif Muna
Trog
Uskayaw
Vehumet
Wu Jian
Xom
Yredelemnul
Zin
The Shining One


Innate Abilities, Weirdness & Mutations

You are immune to sickness and miasma.
You are immune to poison.
Your flesh is very heat resistant. (rF++)
You are vulnerable to cold. (rC-)
You float through the air rather than walking.
You learn spells naturally, not from books.
Your magical power is your life essence.
You have superior vitality. (+4 MHP)


Message History

There is a stone staircase leading up here.
Casting: Scorch (safe; 1% risk of failure)
Confirm with . or Enter, or press ? or * to list all spells.
Flames lash the cyclops.
The cyclops is moderately wounded.
The cyclops's fire resistance burns away.
The cyclops throws a large rock.
The large rock hits you!
Casting: Scorch (safe; 1% risk of failure)
Confirm with . or Enter, or press ? or * to list all spells.
Flames lash the gnoll.
The gnoll is severely wounded.
The gnoll's fire resistance burns away.
There is a stone staircase leading up here.
Casting: Scorch (safe; 1% risk of failure)
Confirm with . or Enter, or press ? or * to list all spells.
Flames lash the cyclops.
The cyclops is burned terribly!
The cyclops is heavily wounded.
Casting: Scorch (safe; 1% risk of failure)
Confirm with . or Enter, or press ? or * to list all spells.
Flames lash the cyclops.
The cyclops is burned terribly!
The cyclops is heavily wounded.
The cyclops hits you!
You fly upwards.
There is a stone staircase leading down here.
Casting: Scorch (safe; 1% risk of failure)
Confirm with . or Enter, or press ? or * to list all spells.
Okay, then.
You hit the cyclops.
You feel better.
The cyclops is heavily wounded.
The cyclops is no longer more vulnerable to fire.
The cyclops closely misses you.
You hit the cyclops.
You feel better.
The cyclops is severely wounded.
You hit the cyclops but do no damage.
The cyclops is severely wounded.
The cyclops hits you!!
You puncture the cyclops!
You feel better.
The cyclops is almost dead.
The cyclops hits you!!
You die...

#......#.............#...#......
#......#.............#########..
#########.............#...##..###
......................#..........
......................#..........
......................#...##..##.
......................#...##..##.
#############.........#....#[....
+...........#..C@.....#....#.....
#...........'.........#....#.....
######.######.........#....#..##+
....##.#..........[...#...##..#..
....#..#..............######..'..
....#..#..............#...#...#..
....#..#..............#...'...#..
....#..'..............######..#..
....#..#.....#####.........#..#..


You could see a cyclops.

Vanquished Creatures
  2 wraiths (Ossuary)
  Edmund (D:6)
  An acid dragon (D:6)
  Duvessa (D:4)
  A sky beast (D:5)
  A necrophage (D:4)
  2 black bears (D:5)
  3 ogres
  A kobold brigand (D:3)
  A bullfrog (D:4)
  A gnoll sergeant (D:6)
  2 scorpions
  Dowan (D:4)
  6 wights
  2 howler monkeys
  A bullfrog zombie (D:6)
  A gnoll shaman (D:6)
  A centaur zombie (D:5)
  2 hounds
  A bullfrog skeleton (D:4)
  2 centaur skeletons (D:5)
  An orc wizard (D:6)
  A hound zombie (D:5)
  2 hound skeletons (D:5)
  10 gnolls
  2 adders
  A shadow imp (D:5)
  6 dart slugs
  9 orcs
  7 endoplasms
  4 giant cockroaches
  8 hobgoblins
  8 kobolds
  3 quokkas
  6 ball pythons
  2 ball python skeletons (Ossuary)
  2 bats (D:1)
  4 frilled lizards
  10 goblins
  2 hobgoblin skeletons (Ossuary)
  3 hobgoblin zombies (Ossuary)
  A kobold zombie (Ossuary)
  2 orc skeletons (Ossuary)
  7 rats
135 creatures vanquished.

Vanquished Creatures (others)
  239 foxfires
239 creatures vanquished.

Grand Total: 374 creatures vanquished

Notes
Turn   | Place    | Note
-------+----------+-------------------------------------------
     0 | D:1      | bearlyready the Djinni Fire Elementalist began the quest
                  | for the Orb.
     0 | D:1      | Reached XP level 1. HP: 15/15 MP: 0/0
   540 | D:1      | Reached XP level 2. HP: 2/21 MP: 0/0
   996 | D:1      | Reached skill level 3 in Spellcasting
  1720 | D:1      | Reached XP level 3. HP: 23/25 MP: 0/0
  1720 | D:1      | Learned a level 1 spell: Beastly Appendage
  2949 | D:2      | Found a faded altar of an unknown god.
  3118 | D:3      | Reached XP level 4. HP: 10/31 MP: 0/0
  3646 | D:3      | Reached skill level 4 in Spellcasting
  4034 | D:3      | Noticed a kobold brigand
  4041 | D:3      | Killed a kobold brigand
  4042 | D:3      | Reached XP level 5. HP: 26/35 MP: 0/0
  4042 | D:3      | Learned a level 2 spell: Blink
  4731 | D:4      | Noticed an ogre
  4739 | D:4      | Killed an ogre
  4740 | D:4      | Reached skill level 5 in Spellcasting
  4740 | D:4      | Reached XP level 6. HP: 33/40 MP: 0/0
  4926 | D:4      | Noticed a necrophage
  4939 | D:4      | Killed a necrophage
  4940 | D:4      | Reached XP level 7. HP: 26/45 MP: 0/0
  4940 | D:4      | Learned a level 3 spell: Gell's Gravitas
  5088 | D:4      | Noticed Duvessa
  5088 | D:4      | Noticed Dowan
  5129 | D:4      | Killed Duvessa
  5130 | D:4      | Reached skill level 6 in Spellcasting
  5196 | D:4      | Killed Dowan
  5724 | D:4      | Reached XP level 8. HP: 43/50 MP: 0/0
  5885 | D:4      | Found a staircase to the Ecumenical Temple.
  5891 | D:4      | Reached skill level 7 in Spellcasting
  5896 | Temple   | Entered the Ecumenical Temple
  6239 | Temple   | Became a worshipper of Ashenzari the Shackled
  6298 | D:5      | Entered Level 5 of the Dungeon
  6882 | D:5      | Reached skill level 8 in Spellcasting
  7313 | D:5      | Reached XP level 9. HP: 25/55 MP: 0/0
  7313 | D:5      | Learned a level 3 spell: Vampiric Draining
  7484 | D:6      | Found a sand-covered staircase.
  7491 | Ossuary  | Entered an ossuary
  8100 | D:6      | Reached * piety under Ashenzari
  8376 | D:6      | Identified the +1 ring mail "Ubonted" {Str+2}
  8493 | D:6      | Reached skill level 1 in Fighting
  8632 | D:6      | Identified the +7 short sword of Duty {vamp, Int+3}
  8721 | D:6      | Noticed Edmund
  8732 | D:6      | Killed Edmund
  9166 | D:6      | Reached skill level 9 in Spellcasting
  9315 | D:6      | Reached skill level 1 in Short Blades
  9849 | D:7      | Reached ** piety under Ashenzari
  9951 | D:7      | Reached skill level 5 in Dodging
 10206 | D:7      | Noticed a cyclops
 10535 | D:6      | Slain by a cyclops

Illustrated notes

Levels and vault maps discovered:
D:1:      amcnicky_arrival_double_pillar, layout_basic, nrook_campfire
D:2:      layout_loops_ring, dreamdust_ecumenical_altar_hidden_monk_grotto
D:3:      cheibrodos_greedy_goblins, layout_basic
D:4:      layout_loops_ring, minmay_temple_entry_nine_rooms,
          roderic_cross_of_infinity, minmay_manual_mail, uniq_duvessa
D:5:      layout_rooms
D:6:      layout_gridville, enter_ossuary_3, uniq_edmund
D:7:      layout_basic, chequers_serial_rivers_small_b
Temple:   mainiacjoe_temple_hex_bubbles

Skill      XL: |  1  2  3  4  5  6  7  8  9 |
---------------+----------------------------+-----
Spellcasting   | 3 4 5 6 8 9 |  9.1
Dodging        | 5 |  5.0
Fighting       | 2 |  2.2
Short Blades   | 1 |  1.5
Stealth        | |  1.5

Action                   |  1- 3 |  4- 6 |  7- 9 || total
-------------------------+-------+-------+-------++-------
Melee: Unarmed           |    15 |       |       ||    15
       Dagger            |    59 |    36 |    56 ||   151
       Spear             |       |       |    21 ||    21
       Short sword       |       |       |    20 ||    20
 Cast: Foxfire           |    57 |    31 |    51 ||   139
       Scorch            |       |    21 |    98 ||   119
       Blink             |       |     1 |       ||     1
       Beastly Appendage |       |       |     1 ||     1
Invok: Curse Item        |       |       |     3 ||     3
Evoke: Wand              |       |       |     2 ||     2
  Use: Scroll            |       |       |     2 ||     2
 Stab: Sleeping          |     3 |     1 |     6 ||    10
Armor: Robe              |    17 |    12 |    20 ||    49
Dodge: Dodged            |    57 |    27 |   106 ||   190

Table legend: (Time is in decaauts)
 A = Elapsed time spent in this place.
 B = Non-inter-level travel time spent in this place.
 C = Inter-level travel time spent in this place.
 D = Time resting spent in this place.
 E = Time spent auto-exploring this place.
 F = Levels seen in this place.
 G = Mean time per level.
                   A        B        C        D        E       F      G
               +--------+--------+--------+--------+--------+-----+--------+
         Total |  10522 |  10220 |    302 |   1085 |   7712 |   9 | 1169.1 |
       Dungeon |   9595 |   9339 |    256 |   1085 |   6987 |   7 | 1370.7 |
        Temple |    364 |    318 |     46 |      0 |    293 |   1 |  364.0 |
       Ossuary |    562 |    562 |      0 |      0 |    432 |   1 |  562.0 |
               +--------+--------+--------+--------+--------+-----+--------+

Top non-repeatable levels by time:
     D:1: 1940 daAuts
     D:6: 1875 daAuts
     D:3: 1546 daAuts
     D:5: 1351 daAuts
     D:2: 1300 daAuts
     D:4: 1142 daAuts
 Ossuary: 562 daAuts
     D:7: 438 daAuts
  Temple: 364 daAuts
